Map: Triton LE

Players

SpeCial

  • Race: Terran Terran
  • League: Master
  • Spawn Location: 5:00

DPGCure (Cure) - Winner!

  • Race: Terran Terran
  • League: Master
  • Spawn Location: 11:00

VOD

Have the link to the VOD?

Description

Time

  • Played on: Jan. 14, 2020, 4:40 p.m.
  • Length: 9:04
Show
View Real Time Build Order
Export as new Build Order

SpeCial Terran 

Build Orders:  

Get SALT Encoding   

  12  0:00  SCV  
  13  0:12  SCV  
  14  0:16  Supply Depot  
  14  0:24  SCV  
  14  0:27  Refinery  
  15  0:38  SCV  
  16  0:44  Barracks  
  16  0:50  SCV  
  16  0:54  Refinery  
  17  1:02  SCV  
  18  1:14  SCV  
  19  1:31  Orbital Command, Reaper  
  20  1:33  Factory  
  20  1:43  Supply Depot  
  20  1:57  SCV  
  21  2:03  Reaper  
  22  2:09  SCV  
  23  2:17  Hellion  
  23  2:22  SCV  
  26  2:28  Command Center  
  26  2:35  SCV  
  27  2:37  Barracks Reactor  
  27  2:41  Starport  
  27  2:44  Widow Mine  
  27  2:47  SCV  
  30  2:53  Supply Depot  
  30  2:59  SCV  
  31  3:07  Factory Tech Lab  
  31  3:11  SCV  
  31  3:15  Marine x2  
  31  3:17  Starport Tech Lab  
  32  3:23  SCV  
  32  3:26  Cyclone  
  36  3:33  Marine x2  
  38  3:35  SCV  
  38  3:39  Orbital Command  
  39  3:43  Raven  
  39  3:48  SCV  
  42  3:50  Refinery  
  42  3:53  Marine  
  42  3:55  Marine  
  44  4:00  SCV  
  45  4:06  Cyclone  
  45  4:08  SCV  
  49  4:12  SCV  
  50  4:20  SCV, Supply Depot  
  50  4:22  Marine x2  
  51  4:25  SCV  
  52  4:31  Raven  
  54  4:42  SCV x2  
  51  4:54  SCV  
  51  4:56  SCV  
  52  5:02  Siege Tank  
  52  5:03  Marine x2  
  52  5:06  SCV  
  58  5:08  SCV, Command Center  
  59  5:18  SCV  
  59  5:20  SCV  
  59  5:21  Supply Depot  
  61  5:30  SCV  
  61  5:33  Raven, SCV, Marine x2  
  67  5:36  Siege Tank  
  70  5:43  SCV  
  70  5:45  SCV, Supply Depot  
  72  5:52  Marine x2  
  72  5:55  SCV  
  72  5:56  Refinery  
  75  5:57  SCV  
  76  6:07  SCV, Supply Depot  
  76  6:09  SCV, Siege Tank  
  81  6:19  SCV  
  81  6:21  SCV  
  77  6:31  SCV, Viking x2  
  69  6:34  SCV  
  69  6:38  Orbital Command  
  69  6:39  Marine  
  64  6:43  SCV, Siege Tank  
  64  6:45  Liberator  
  64  6:46  SCV  
  70  6:49  Liberator  
  70  6:55  SCV  
  70  6:58  SCV, Marine  
  73  7:07  SCV  
  80  7:10  SCV x2  
  79  7:16  Marine  
  79  7:19  SCV  
  79  7:22  SCV x2  
  81  7:25  Siege Tank  
  84  7:31  SCV  
  84  7:34  Marine, SCV  
  87  7:38  SCV  
  87  7:42  Barracks  
  87  7:43  SCV, Barracks  
  89  7:46  SCV  
  89  7:50  SCV  
  86  7:52  Marine  
  86  7:56  SCV  
  86  7:57  Siege Tank  
  90  7:58  SCV  
  90  8:01  Viking  
  93  8:09  Marine, Viking  
  96  8:19  SCV x2  
  97  8:21  SCV  
  98  8:27  Marine  
  98  8:29  Siege Tank  
  98  8:31  Viking  
  100  8:41  SCV  
  100  8:45  Marine  
  100  8:47  SCV  
  100  8:48  SCV  
Show
View Real Time Build Order
Export as new Build Order

DPGCure Terran - Winner!

Build Orders: Gas First Reaper Expand 

Get SALT Encoding   

  12  0:00  SCV  
  13  0:12  SCV  
  14  0:17  Supply Depot  
  14  0:24  SCV  
  14  0:27  Refinery  
  15  0:38  SCV  
  16  0:44  Barracks  
  16  0:50  SCV  
  17  1:02  SCV  
  18  1:15  SCV  
  19  1:30  Orbital Command  
  19  1:31  Reaper  
  20  1:44  Command Center  
  20  1:55  Factory  
  20  1:58  SCV  
  21  2:05  Barracks Reactor  
  21  2:10  SCV  
  21  2:15  Supply Depot  
  22  2:18  Refinery  
  23  2:22  SCV  
  24  2:37  SCV  
  24  2:43  Starport  
  28  2:44  Hellion x2  
  28  2:49  SCV  
  29  2:55  Orbital Command  
  29  3:01  SCV  
  30  3:09  Hellion  
  31  3:13  SCV  
  31  3:16  Barracks Tech Lab  
  32  3:20  Medivac  
  32  3:21  SCV  
  32  3:25  SCV  
  38  3:36  SCV, Supply Depot  
  38  3:37  SCV  
  38  3:42  Marine x2  
  38  3:43  Cyclone  
  38  3:46  Refinery  
  38  3:48  SCV  
  44  3:49  SCV  
  44  3:52  Starport Tech Lab  
  45  4:00  Marine x2, SCV  
  45  4:01  SCV  
  45  4:02  Supply Depot  
  49  4:15  SCV x2  
  49  4:18  Raven  
  49  4:19  Marine x2  
  53  4:26  Cyclone  
  53  4:29  Supply Depot  
  57  4:31  SCV x2  
  58  4:44  Command Center  
  58  4:47  SCV x2, Marine x2  
  61  4:59  SCV x2, Siege Tank  
  60  5:15  SCV x2  
  60  5:18  Starport Reactor  
  60  5:20  Marine  
  60  5:21  Stimpack  
  63  5:22  Barracks  
  63  5:24  Barracks  
  63  5:31  Siege Tank  
  63  5:33  SCV x2  
  68  5:36  Refinery  
  68  5:37  Supply Depot  
  68  5:38  Marine  
  69  5:44  Engineering Bay  
  69  5:46  Engineering Bay  
  69  5:47  SCV  
  70  5:56  SCV  
  71  5:58  Orbital Command  
  71  5:59  SCV, Marine  
  71  6:00  Starport Reactor  
  71  6:03  Siege Tank  
  76  6:08  SCV  
  76  6:10  Marine x2  
  76  6:11  SCV, Terran Infantry Weapons Level 1  
  80  6:12  Terran Infantry Armor Level 1  
  80  6:16  Barracks  
  80  6:17  Barracks  
  80  6:20  SCV  
  80  6:23  Marine x3, SCV  
  85  6:27  Marine  
  85  6:28  SCV  
  85  6:32  SCV  
  85  6:35  SCV  
  85  6:38  Marine  
  79  6:40  Medivac x2, Orbital Command  
  79  6:41  Marine x3  
  79  6:45  Siege Tank  
  90  6:47  SCV x2  
  91  6:54  Supply Depot x2  
  91  7:00  SCV x2  
  93  7:05  Combat Shield, Barracks Reactor x2  
  93  7:08  SCV  
  93  7:16  SCV x2, Marine x4  
  93  7:17  Marine  
  93  7:18  Siege Tank  
  100  7:24  SCV  
  100  7:25  Supply Depot  
  100  7:26  Supply Depot  
  100  7:28  SCV  
  100  7:29  SCV  
  103  7:37  Marine x5  
  103  7:40  Viking x2  
  109  7:55  Marine x2  
  109  7:56  Marine x7  
  109  7:57  Siege Tank  
  121  8:01  Supply Depot  
  121  8:02  Supply Depot  
  121  8:03  Supply Depot  
  121  8:09  SCV x2  
  121  8:10  SCV, Armory  
  70  8:12  Viking  
  121  8:13  Marine  
  121  8:16  Marine x4  
  124  8:30  Marine x4  
  124  8:31  Marine  
  124  8:33  Marine x2  
  124  8:34  Marine x2, Medivac  
  128  8:43  SCV x2  
  128  8:44  SCV  
  118  8:57  Sensor Tower  
Tags
 
Add a new tag
Caveats
  • Supply blocks, unpowered buildings, or Contaminate may cause inaccurate times.
  • Supply counts are checked every 10 seconds.